 Dungeon Crawl Stone Soup version 0.29.1-15-g9cfb28693d (webtiles) character file.

Game seed: 7955565531312754459

140 vishdafish the Conjurer (level 5, 23/35 HPs)
             Began as a Demonspawn Conjurer on Mar 29, 2023.
             Quit the game on level 3 of the Dungeon.
             The game lasted 00:02:47 (2565 turns).

vishdafish the Conjurer (Demonspawn Conjurer)       Turns: 2565, Time: 00:02:47

Health: 23/35      AC:  7    Str:  7    XL:     5   Next: 2%
Magic:  1/10       EV: 16    Int: 21    God:
Gold:   89         SH:  0    Dex: 12    Spells: 10/11 levels left

rFire   . . .      SeeInvis .   c - +0 dagger
rCold   . . .      Faith    .   (no shield)
rNeg    . . .      Spirit   .   a - +0 robe
rPois   .          Reflect  .   (no helmet)
rElec   .          Harm     .   g - +1 cloak
rCorr   .          Rampage  .   (no gloves)
Will    .....                   (no boots)
Stlth   ++........              l - amulet of the acrobat
HPRegen 0.11/turn               k - +4 ring of evasion
MPRegen 0.12/turn               (no ring)

@: no status effects
A: slimy green scales 2, demonic magic 1
a: no special abilities


You were on level 3 of the Dungeon.
You visited 1 branch of the dungeon, and saw 3 of its levels.

You collected 89 gold pieces.

Inventory:

Hand Weapons
 c - a +0 dagger (weapon)
Armour
 a - a +0 robe (worn)
 g - a +1 cloak (worn)
Jewellery
 k - a +4 ring of evasion (left hand)
 l - an amulet of the acrobat (around neck)
Scrolls
 d - a scroll of magic mapping {unknown}
 e - 4 scrolls of immolation {unknown}
 h - 5 scrolls of identify {unknown}
 i - a scroll of enchant armour {unknown}
 j - a scroll of fog {unknown}
Potions
 b - a potion of magic
 f - 3 potions of curing {unknown}


   Skills:
 - Level 1.9 Dodging
 - Level 2.0 Stealth
 + Level 3.5 Spellcasting
 + Level 5.2 Conjurations


You had 10 spell levels left.
You knew the following spells:

 Your Spells              Type           Power      Damage    Failure   Level
a - Magic Dart            Conj           100%       1d8       1%          1

Your spell library contained the following spells:

 Spells                   Type           Power      Damage    Failure   Level
 Searing Ray              Conj           50%        2d6       2%          2
 Dazzling Flash           Conj/Hex       28%        N/A       13%         3
 Ozocubu's Armour         Ice            3%         N/A       36%         3
 Fulminant Prism          Conj/Hex       7%         3d7       38%         4
 Iskenderun's Mystic Bla  Conj/Tloc      14%        2d5       38%         4
 Olgreb's Toxic Radiance  Pois           3%         N/A       77%         4
 Metabolic Englaciation   Hex/Ice        1%         N/A       98%         5
 Simulacrum               Ice/Necr       1%         N/A       100%        6
 Ozocubu's Refrigeration  Ice            1%         4d7       100%        7
 Ignition                 Fire           1%         3d3       100%        8


Dungeon Overview and Level Annotations

Branches:
Dungeon (3/15)

Altars:
Xom

Shops:
D:1 (


Innate Abilities, Weirdness & Mutations

You are mostly covered in slimy green scales. (AC +3)
Spells you cast may paralyse adjacent enemies.


Message History

A menacing aura infuses your magic.
You barely miss the hobgoblin. The hobgoblin misses you.
You hit the hobgoblin.
The hobgoblin is lightly wounded.
The hobgoblin barely misses you.
You barely miss the hobgoblin.
The hobgoblin is lightly wounded.
The hobgoblin completely misses you.
You hit the hobgoblin but do no damage.
The hobgoblin is lightly wounded.
The hobgoblin misses you.
You hit the hobgoblin but do no damage. The hobgoblin hits you.
You hit the hobgoblin.
The hobgoblin is moderately wounded.
The hobgoblin barely misses you.
You completely miss the hobgoblin.
The hobgoblin is moderately wounded.
The hobgoblin misses you.
You hit the hobgoblin.
The hobgoblin is severely wounded.
The hobgoblin hits you.
You hit the hobgoblin but do no damage.
The hobgoblin is severely wounded.
The hobgoblin misses you.
You hit the hobgoblin but do no damage.
The hobgoblin is severely wounded.
The hobgoblin hits you but does no damage.
You barely miss the hobgoblin.
The hobgoblin is severely wounded.
The hobgoblin misses you.
You hit the hobgoblin.
The hobgoblin is almost dead.
The hobgoblin barely misses you.
You hit the hobgoblin but do no damage.
The hobgoblin is almost dead.
The hobgoblin misses you.
You hit the hobgoblin.
You kill the hobgoblin!
No target in view!
Are you sure you want to abandon this character and quit the game? (Confirm with "yes".)

.#........# ..## .#
.#........##...##.##....
.#........##............
.#.........#............
##.......#.#.....<......
###..#####.#.........)..
....## #..............
.##########.........#
.###............@...#
......######........#
......# #.........#
......# #.........#
......# #########.#
......# ..# ......# ##
......# #######


There were no monsters in sight!

Vanquished Creatures
  A phantom (D:3)
  An adder (D:3)
  2 dart slugs (D:1)
  4 ball pythons
  6 bats
  5 endoplasms
  5 giant cockroaches
  3 goblins
  6 hobgoblins
  4 jackals (D:2)
  5 kobolds
  A quokka (D:2)
  4 frilled lizards
  3 rats
50 creatures vanquished.

Vanquished Creatures (others)
  A plant (D:1)
1 creature vanquished.

Grand Total: 51 creatures vanquished

Notes
Turn   | Place    | Note
-------+----------+-------------------------------------------
     0 | D:1      | vishdafish the Demonspawn Conjurer began the quest for the
                  | Orb.
     0 | D:1      | Reached XP level 1. HP: 13/13 MP: 3/3
   212 | D:1      | Gained mutation: You are partially covered in slimy green
                  | scales. (AC +2) [demonic ancestry]
   212 | D:1      | Reached XP level 2. HP: 19/19 MP: 0/5
   284 | D:1      | Found Agintau's Weapon Boutique.
   761 | D:1      | Found a faded altar of an unknown god.
  1248 | D:2      | Reached XP level 3. HP: 24/24 MP: 3/6
  1815 | D:2      | Found a shimmering altar of Xom.
  2516 | D:3      | Gained mutation: You are mostly covered in slimy green
                  | scales. (AC +3) [demonic ancestry]
  2516 | D:3      | Reached XP level 4. HP: 30/30 MP: 3/8
  2529 | D:3      | Noticed a phantom
  2550 | D:3      | Killed a phantom
  2551 | D:3      | Reached skill level 5 in Conjurations
  2551 | D:3      | Gained mutation: Spells you cast may paralyse adjacent
                  | enemies. [demonic ancestry]
  2551 | D:3      | Reached XP level 5. HP: 25/35 MP: 0/10
  2565 | D:3      | Quit the game

Illustrated notes

Levels and vault maps discovered:
D:1:      roderic_crop_circles_arrival_small, layout_loops_cross,
          shapermc_ecumenical_altar_ellora, serial_shops,
          nicolae_shop_bloodbath_and_beyond, minmay_fountain_box
D:2:      layout_basic, basic_altar
D:3:      layout_rooms, st_stairs_8

Skill      XL: |  1  2  3  4 |
---------------+-------------+-----
Stealth        | 2 |  2.0
Spellcasting   | 3 |  3.5
Conjurations   | 5 |  5.2
Dodging        | |  1.9

Action                   |  1- 3 |  4- 6 || total
-------------------------+-------+-------++-------
Melee: Unarmed           |    10 |       ||    10
       Dagger            |    37 |    27 ||    64
 Cast: Magic Dart        |    84 |     7 ||    91
Armor: Robe              |    14 |     4 ||    18
Dodge: Dodged            |    46 |    24 ||    70
